 Dungeon Crawl Stone Soup version 0.24.1-8-ga250c9d538 (webtiles) character file.

Game seed: 1161925212145565367, levelgen mode: deterministic

165 nightchill the Digger (level 5, -3/32 HPs)
             Began as a Gargoyle Earth Elementalist on Apr 27, 2020.
             Slain by an orc priest
             ... wielding a +0 falchion
              (5 damage)
             ... on level 3 of the Dungeon.
             The game lasted 00:06:45 (3117 turns).

nightchill the Digger (Gargoyle Earth Elementalist) Turns: 3117, Time: 00:06:46

Health: -3/32      AC: 11    Str: 10 (13) XL:     5   Next: 46%
Magic:  8/8        EV: 10    Int: 13 (15) God:
Gold:   156        SH:  0    Dex:  9 (10) Spells: 5/8 levels left

rFire    . . .     SeeInvis .   e - +0 dagger
rCold    . . .     Gourm    .   (no shield)
rNeg     + . .     Faith    .   k - +0 ring mail
rPois    ∞         Spirit   .   o - +0 helmet
rElec    +         Reflect  .   (no cloak)
rCorr    .         Harm     .   (no gloves)
MR       .....                  q - +0 pair of boots
Stlth    +.........             (no amulet)
HPRegen  0.10/turn              (no ring)
MPRegen  0.11/turn              (no ring)

@: no status effects
A: negative energy resistance 1, electricity resistance, unbreathing,
petrification resistance, rot immunity, AC +4
a: no special abilities


You were on level 3 of the Dungeon.
You were not hungry.

You visited 1 branch of the dungeon, and saw 3 of its levels.

You collected 156 gold pieces.

Inventory:

Hand Weapons
 e - a +0 dagger (weapon)
 j - a +0 whip
 n - a cursed -1 dagger
Missiles
 b - 322 stones
 u - 5 atropa-tipped darts
 v - 5 poisoned darts (quivered)
Armour
 c - a +0 robe
 i - a +0 leather armour
 k - a +0 ring mail (worn)
 o - a +0 helmet (worn)
 q - a +0 pair of boots (worn)
Magical Staves
 y - an uncursed staff of conjuration {unknown}
Jewellery
 p - an uncursed ring of protection from fire {unknown}
Scrolls
 a - 6 scrolls of identify {unknown}
 g - 2 scrolls of remove curse {unknown}
 h - a scroll of fog {unknown}
 z - 2 scrolls of amnesia {unknown}
Potions
 f - a potion of haste {unknown}
 l - 2 potions of might {unknown}
 m - a potion of magic {unknown}
 r - 2 potions of brilliance {unknown}
 s - a potion of heal wounds {unknown}
 t - a potion of degeneration
 x - 2 potions of mutation {unknown}
 A - a potion of curing {unknown}
Comestibles
 d - 4 rations
 w - a chunk of flesh


   Skills:
 + Level 3.1 Fighting
 * Level 3.6 Maces & Flails
 - Level 1.5 Dodging
 - Level 2.1 Stealth
 - Level 2.0 Spellcasting
 - Level 0.7 Transmutations
 - Level 4.0 Earth Magic


You had 5 spell levels left.
You knew the following spells:

 Your Spells              Type           Power        Failure   Level  Hunger
a - Sandblast             Erth           ##....       13%         1    ##.....
b - Passwall              Tmut/Erth      #.......     36%         2    ###....

Your spell library contained the following spells:

 Spells                   Type           Power        Failure   Level  Hunger
 Stone Arrow              Conj/Erth      #.....       65%         3    ####...
 Petrify                  Tmut/Erth      #.......     94%         4    #####..
 Lee's Rapid Deconstruct  Erth           ##........   98%         5    ######.


Dungeon Overview and Level Annotations

Branches:
Dungeon (3/15)

Altars:
Nemelex Xobeh
Ru


Innate Abilities, Weirdness & Mutations

You are resistant to torment.
Your stone body is resilient. (AC +4)
You are immune to poison.
You resist negative energy. (rN+)
You are resistant to electric shocks. (rElec)
You can survive without breathing.
You are immune to petrification.
You are immune to rotting.


Message History

Press: ? - help, Shift-Dir - straight line, f/p - orc priest
Aim: an orc priest, wielding a +0 falchion and wearing a +0 leather armour (heavily wounded)
You throw a poisoned dart.
The poisoned dart closely misses the orc priest.
The poisoned dart hits the orc.
The orc priest invokes the aid of Beogh against you.
Pain shoots through your body!
* * * LOW HITPOINT WARNING * * *
You barely miss the orc priest.
The orc priest is heavily wounded.
The orc priest hits you but does no damage.
You barely miss the orc priest.
The orc priest is heavily wounded.
The orc priest hits you with a +0 falchion.
* * * LOW HITPOINT WARNING * * *
It was a potion of degeneration.
There was something very wrong with that liquid.
You feel weakened.
You feel dopey.
You feel clumsy.
The orc priest hits you with a +0 falchion.
You die...

####.#############
#>................
#.##.#.#######...#
#.##.#.# #........
#.##.#[# #...#....
#.##.#.# #.. ####.
#.##.#.. .. #.
#)##.### #. #@##..
#. #o# #### ##
#######o# ..... #
#......(#...... #
#......(....... #
#.......####### #
#......(.
#......(##
#......(#


You could see an orc priest and an orc.

Vanquished Creatures
  A crimson imp (D:3)
  Jessica (D:2)
  3 adders
  An ooze (D:3)
  A worm (D:2)
  2 dart slugs
  2 orcs (D:3)
  5 bats
  3 giant cockroaches
  11 goblins
  2 hobgoblins (D:2)
  3 jackals (D:2)
  2 quokkas
  2 ball pythons
  3 frilled lizards
  12 kobolds
  A leopard gecko skeleton (D:3)
  13 rats
68 creatures vanquished.

Notes
Turn   | Place    | Note
-------+----------+-------------------------------------------
     0 | D:1      | nightchill the Gargoyle Earth Elementalist began the quest
                  | for the Orb.
     0 | D:1      | Reached XP level 1. HP: 10/10 MP: 3/3
   153 | D:1      | Reached skill level 1 in Fighting
   159 | D:1      | Reached XP level 2. HP: 15/16 MP: 5/5
   163 | D:1      | Reached skill level 4 in Earth Magic
   167 | D:1      | Learned a level 2 spell: Passwall
  1012 | D:2      | Reached skill level 1 in Maces & Flails
  1049 | D:2      | Reached XP level 3. HP: 20/20 MP: 6/6
  1503 | D:2      | Noticed Jessica
  1524 | D:2      | Reached XP level 4. HP: 24/26 MP: 4/7
  1526 | D:2      | Killed Jessica
  2363 | D:3      | Found a sacrificial altar of Ru.
  2455 | D:3      | Found a sparkling altar of Nemelex Xobeh.
  2767 | D:3      | Reached XP level 5. HP: 30/31 MP: 8/8
  3117 | D:3      | Slain by an orc priest

Levels and vault maps discovered:
D:1:      ncdulo_lavacross, layout_basic
D:2:      layout_loops_ring, uniq_jessica
D:3:      layout_basic, nicolae_ru_the_path_less_chosen, nemelex_altar_shiori

Skill      XL: |  1  2  3  4  5 |
---------------+----------------+-----
Fighting       | 1 2 3 |  3.1
Earth Magic    | 4 |  4.0
Maces & Flails | 1 2 3 |  3.6
Dodging        | |  1.5
Stealth        | |  2.1
Spellcasting   | |  2.0
Transmutations | |  0.7

Action                   |  1- 3 |  4- 6 || total
-------------------------+-------+-------++-------
Melee: Dagger            |   176 |   161 ||   337
Throw: Dart              |       |     9 ||     9
 Cast: Sandblast         |    20 |    13 ||    33
  Use: Potion            |       |     1 ||     1
 Stab: Sleeping          |     2 |       ||     2
  Eat: Chunk             |     3 |     5 ||     8
Armor: Robe              |    14 |       ||    14
       Ring mail         |    78 |    74 ||   152
       Leather armour    |     2 |       ||     2
Dodge: Dodged            |   101 |    84 ||   185
